| TOP OF THE 1ST |
|
Greensboro Grasshoppers batting - Pitching for Great Lakes Loons : LHP Jonathan Daniels
|
|
Pitching: LHP Jonathan Daniels
|
|
|
Batting: RHB Andy Kelly
|
0-0: Called Strike 0-1: Called Strike 0-2: Ball 1-2: Strikes out swinging
|
|
Batting: LHB Angelo Estrella
|
0-0: Ball 1-0: Ball 2-0: Ball 3-0: Called Strike 3-1: Reached on error, E4 (Groundball, 4, EV 83.8 MPH)
|
|
Batting: RHB Miguel Velasco
|
0-0: Ball 1-0: Called Strike 1-1: Ball 2-1: Foul Ball, location: 2F 2-2: Strikes out swinging
|
|
Batting: RHB Hiromitsu Yamada
|
0-0: Ball 1-0: Ball 2-0: Called Strike 2-1: Ball Angelo Estrella is caught stealing 2nd base 2-4
|
| Top of the 1st over - 0 runs, 0 hits, 1 error, 0 left on base; Greensboro 0 - Great Lakes 0 |
| BOTTOM OF THE 1ST |
|
Great Lakes Loons batting - Pitching for Greensboro Grasshoppers : RHP Ryan Weedon
|
|
Pitching: RHP Ryan Weedon
|
|
|
Batting: LHB Enrique Andrade
|
0-0: Called Strike 0-1: Foul Ball, location: 2F 0-2: Foul Ball, location: 2F 0-2: Ball 1-2: Ground out 5-3 (Groundball, 5, EV 104.4 MPH)
|
|
Batting: RHB Luis Grajeda
|
0-0: DOUBLE (Line Drive, 78M, EV 106.2 MPH)
|
|
Batting: SHB Todd Hewitt
|
0-0: Ball 1-0: Called Strike Luis Grajeda is caught stealing 3rd base 2-5 1-1: Fly out, F7 (Flyball, 7, EV 83.8 MPH)
|
| Bottom of the 1st over - 0 runs, 1 hit, 0 errors, 0 left on base; Greensboro 0 - Great Lakes 0 |
| TOP OF THE 2ND |
|
Greensboro Grasshoppers batting - Pitching for Great Lakes Loons : LHP Jonathan Daniels
|
|
Batting: RHB Hiromitsu Yamada
|
0-0: Foul Ball, location: 2F 0-1: Swinging Strike 0-2: Ball 1-2: Ground out 6-3 (Groundball, 6, EV 80.0 MPH)
|
|
Batting: RHB Jeremy Dennis
|
0-0: Called Strike 0-1: Swinging Strike 0-2: Ball 1-2: Strikes out swinging
|
|
Batting: LHB Ryan Thompson
|
0-0: Ball 1-0: Fly out, F2 (Popup, 25F, EV 84.4 MPH)
|
| Top of the 2nd over - 0 runs, 0 hits, 0 errors, 0 left on base; Greensboro 0 - Great Lakes 0 |
| BOTTOM OF THE 2ND |
|
Great Lakes Loons batting - Pitching for Greensboro Grasshoppers : RHP Ryan Weedon
|
|
Batting: LHB Kevin Wiebe
|
0-0: Foul Ball, location: 2F 0-1: Ball 1-1: Foul Ball, location: 2F 1-2: Foul Ball, location: 2F 1-2: DOUBLE (Groundball, 5D, EV 101.9 MPH)
|
|
Batting: RHB Mario Gonzales
|
0-0: Ball 1-0: Swinging Strike 1-1: Called Strike 1-2: Ball 2-2: Ball 3-2: Strikes out swinging
|
|
Batting: RHB Blake Beale
|
0-0: Ball 1-0: Ball 2-0: Swinging Strike 2-1: Swinging Strike 2-2: Ball 3-2: Foul Ball, location: 2F 3-2: SINGLE (Groundball, 4MD, EV 105.6 MPH) Kevin Wiebe to third Runner from 3rd tries for Home, SAFE, throw by CF to home
|
|
Batting: LHB Stephen Van Raalte
|
0-0: Ball 1-0: Swinging Strike 1-1: Ball 2-1: Ball 3-1: Called Strike 3-2: Ground out 6-3 (Groundball, 4S, EV 86.9 MPH) Blake Beale to second
|
|
Batting: RHB Devon Fourcade
|
0-0: Called Strike 0-1: DOUBLE (Line Drive, 89D, EV 100.0 MPH) Blake Beale scores
|
|
Batting: RHB Trevor Conklin
|
0-0: Ball Wild Pitch! Devon Fourcade to third 1-0: Fly out, F7 (Flyball, 7S, EV 91.2 MPH)
|
| Bottom of the 2nd over - 2 runs, 3 hits, 0 errors, 1 left on base; Greensboro 0 - Great Lakes 2 |
| TOP OF THE 3RD |
|
Greensboro Grasshoppers batting - Pitching for Great Lakes Loons : LHP Jonathan Daniels
|
|
Batting: LHB Justin Blakely
|
0-0: Ground out U3 (Groundball, 34, EV 84.4 MPH)
|
|
Batting: RHB Jason Thrash
|
0-0: Ball 1-0: Ball 2-0: Called Strike 2-1: Foul Ball, location: 2F 2-2: Foul Ball, location: 2F 2-2: Strikes out looking
|
|
Batting: RHB Wei-guo Tsu
|
0-0: Swinging Strike 0-1: Ball 1-1: Ball 2-1: Called Strike 2-2: Strikes out looking
|
| Top of the 3rd over - 0 runs, 0 hits, 0 errors, 0 left on base; Greensboro 0 - Great Lakes 2 |
| BOTTOM OF THE 3RD |
|
Great Lakes Loons batting - Pitching for Greensboro Grasshoppers : RHP Ryan Weedon
|
|
Batting: LHB Enrique Andrade
|
0-0: Called Strike 0-1: Ball 1-1: Ball 2-1: Ball 3-1: Base on Balls
|
|
Batting: RHB Luis Grajeda
|
0-0: Ball 1-0: Foul Ball, location: 2F 1-1: Ball 2-1: Foul Ball, location: 2F 2-2: Reached on error, E8 (Flyball, 89XD, EV 97.5 MPH) Enrique Andrade to third
|
|
Batting: SHB Todd Hewitt
|
0-0: Ball 1-0: Foul Ball, location: 2F 1-1: Foul Ball, location: 2F 1-2: Strikes out swinging
|
|
Batting: LHB Kevin Wiebe
|
0-0: Ball 1-0: Called Strike 1-1: Called Strike 1-2: Foul Ball, location: 2F 1-2: Foul Ball, location: 2F 1-2: Ball 2-2: Foul Ball, location: 2F 2-2: Fly out, F4 (Popup, 4M, EV 70.0 MPH)
|
|
Batting: RHB Mario Gonzales
|
0-0: Called Strike 0-1: Foul Ball, location: 2F 0-2: Ball 1-2: Ball 2-2: Fly out, F8 (Flyball, 8RS, EV 90.6 MPH)
|
| Bottom of the 3rd over - 0 runs, 0 hits, 1 error, 2 left on base; Greensboro 0 - Great Lakes 2 |
| TOP OF THE 4TH |
|
Greensboro Grasshoppers batting - Pitching for Great Lakes Loons : LHP Jonathan Daniels
|
|
Batting: RHB Andy Kelly
|
0-0: Foul Ball, location: 2F 0-1: Ball 1-1: Called Strike 1-2: Ball 2-2: Ball 3-2: Foul Ball, location: 2F 3-2: Foul Ball, location: 2F 3-2: Ground out 5-3 (Groundball, 15, EV 88.8 MPH)
|
|
Batting: LHB Angelo Estrella
|
0-0: Called Strike 0-1: Ball 1-1: Ball 2-1: Fly out, F8 (Flyball, 8RM, EV 99.4 MPH)
|
|
Batting: RHB Miguel Velasco
|
0-0: Called Strike 0-1: Ball 1-1: Ground out 5-3 (Groundball, 56S, EV 88.1 MPH)
|
| Top of the 4th over - 0 runs, 0 hits, 0 errors, 0 left on base; Greensboro 0 - Great Lakes 2 |
| BOTTOM OF THE 4TH |
|
Great Lakes Loons batting - Pitching for Greensboro Grasshoppers : RHP Ryan Weedon
|
|
Batting: RHB Blake Beale
|
0-0: Ball 1-0: Foul Ball, location: 2F 1-1: Ground out 6-3 (Groundball, 6, EV 105.0 MPH)
|
|
Batting: LHB Stephen Van Raalte
|
0-0: Called Strike 0-1: Ball 1-1: Ball 2-1: Ball 3-1: Fly out, F8 (Flyball, 8LD, EV 88.8 MPH)
|
|
Batting: RHB Devon Fourcade
|
0-0: Foul Ball, location: 2F 0-1: SINGLE (Line Drive, 78M, EV 100.6 MPH)
|
|
Batting: RHB Trevor Conklin
|
0-0: Called Strike 0-1: Ball 1-1: Ball 2-1: Foul Ball, location: 2F 2-2: SINGLE (Groundball, 4D, EV 104.4 MPH) Devon Fourcade to second
|
|
Batting: LHB Enrique Andrade
|
0-0: Ball 1-0: SINGLE (Flyball, 8RS, EV 85.0 MPH) Devon Fourcade to third Trevor Conklin to second Runner from 3rd tries for Home, throw by CF and OUT! 8-2
|
| Bottom of the 4th over - 0 runs, 3 hits, 0 errors, 2 left on base; Greensboro 0 - Great Lakes 2 |
| TOP OF THE 5TH |
|
Greensboro Grasshoppers batting - Pitching for Great Lakes Loons : LHP Jonathan Daniels
|
|
Batting: RHB Hiromitsu Yamada
|
0-0: Called Strike 0-1: Foul Ball, location: 2F 0-2: Foul Ball, location: 2F 0-2: Ball 1-2: Ball 2-2: Foul Ball, location: 2F 2-2: Fly out, F6 (Line Drive, 6, EV 68.1 MPH)
|
|
Batting: RHB Jeremy Dennis
|
0-0: Foul Ball, location: 2F 0-1: Swinging Strike 0-2: Ball 1-2: Strikes out swinging
|
|
Batting: LHB Ryan Thompson
|
0-0: Called Strike 0-1: Ball 1-1: Ball 2-1: Called Strike 2-2: Foul Ball, location: 2F 2-2: Ball 3-2: Strikes out swinging
|
| Top of the 5th over - 0 runs, 0 hits, 0 errors, 0 left on base; Greensboro 0 - Great Lakes 2 |
| BOTTOM OF THE 5TH |
|
Great Lakes Loons batting - Pitching for Greensboro Grasshoppers : RHP Ryan Weedon
|
|
Pitching: RHP Marco Quezada
|
|
|
Batting: RHB Luis Grajeda
|
0-0: Foul Ball, location: 2F 0-1: Called Strike 0-2: Ball 1-2: Ball 2-2: Ground out 6-3 (Groundball, 6, EV 81.2 MPH)
|
|
Batting: SHB Todd Hewitt
|
0-0: Called Strike 0-1: Ball 1-1: Foul Ball, location: 2F 1-2: SINGLE (Line Drive, 78S, EV 94.4 MPH)
|
|
Batting: LHB Kevin Wiebe
|
0-0: Ball 1-0: Ball 2-0: Foul Ball, location: 2F 2-1: Foul Ball, location: 2F 2-2: Hit by Pitch Todd Hewitt to second
|
|
Batting: RHB Mario Gonzales
|
0-0: Fly out, F9 (Flyball, 9D, EV 103.8 MPH) Runner from 2nd tags up, SAFE at 3rd, no throw by RF
|
|
Batting: RHB Blake Beale
|
0-0: Fielders Choice at 2nd, 5-4 (Groundball, 56, EV 87.5 MPH)
|
| Bottom of the 5th over - 0 runs, 1 hit, 0 errors, 2 left on base; Greensboro 0 - Great Lakes 2 |
| TOP OF THE 6TH |
|
Greensboro Grasshoppers batting - Pitching for Great Lakes Loons : LHP Jonathan Daniels
|
|
Batting: LHB Justin Blakely
|
0-0: Called Strike 0-1: Ground out 4-3 (Groundball, 4, EV 107.5 MPH)
|
|
Batting: RHB Jason Thrash
|
0-0: Ball 1-0: Ball 2-0: Called Strike 2-1: Called Strike 2-2: Ball 3-2: Foul Ball, location: 2F 3-2: Ground out 4-3 (Groundball, 4, EV 89.4 MPH)
|
|
Batting: RHB Wei-guo Tsu
|
0-0: SINGLE (Groundball, 56D, EV 98.8 MPH)
|
|
Batting: RHB Andy Kelly
|
0-0: Ball 1-0: Ball 2-0: SINGLE (Line Drive, 56, EV 95.6 MPH) Wei-guo Tsu to second
|
|
Batting: LHB Angelo Estrella
|
0-0: Called Strike 0-1: Ball 1-1: Fly out, F9 (Flyball, 9, EV 86.2 MPH)
|
| Top of the 6th over - 0 runs, 2 hits, 0 errors, 2 left on base; Greensboro 0 - Great Lakes 2 |
| BOTTOM OF THE 6TH |
|
Great Lakes Loons batting - Pitching for Greensboro Grasshoppers : RHP Marco Quezada
|
|
Batting: LHB Stephen Van Raalte
|
0-0: Called Strike 0-1: Ball 1-1: Ground out 4-3 (Groundball, 4, EV 106.9 MPH)
|
|
Batting: RHB Devon Fourcade
|
0-0: Ball 1-0: Ball 2-0: Called Strike 2-1: Foul Ball, location: 2F 2-2: Strikes out swinging
|
|
Batting: RHB Trevor Conklin
|
0-0: Called Strike 0-1: Called Strike 0-2: Strikes out swinging
|
| Bottom of the 6th over - 0 runs, 0 hits, 0 errors, 0 left on base; Greensboro 0 - Great Lakes 2 |
| TOP OF THE 7TH |
|
Greensboro Grasshoppers batting - Pitching for Great Lakes Loons : LHP Jonathan Daniels
|
|
Now in LF: Enrique Andrade
|
|
|
Now in RF: Rich Rubio
|
|
|
Batting: RHB Miguel Velasco
|
0-0: Ball 1-0: Ball 2-0: Ball 3-0: Base on Balls
|
|
Batting: RHB Hiromitsu Yamada
|
0-0: Ball 1-0: SINGLE (Line Drive, 7LS, EV 86.9 MPH) Miguel Velasco to second
|
|
Batting: RHB Jeremy Dennis
|
0-0: Called Strike 0-1: Ball 1-1: Foul Ball, location: 2F 1-2: Ball 2-2: Ball 3-2: Foul Ball, location: 2F 3-2: Base on Balls Miguel Velasco to third Hiromitsu Yamada to second
|
|
Batting: RHB Erik Coleman
|
0-0: Called Strike 0-1: Ball 1-1: Foul Ball, location: 2F 1-2: Foul Ball, location: 2F 1-2: Foul Ball, location: 2F 1-2: Ball 2-2: Ball 3-2: Base on Balls Miguel Velasco scores Hiromitsu Yamada to third Jeremy Dennis to second
|
|
Pitching: RHP Stephen Stanley
|
|
|
Batting: LHB Justin Blakely
|
0-0: Called Strike 0-1: Ball 1-1: Fly out, F8 (Flyball, 8LXD, EV 93.1 MPH) Runner from 3rd tags up, SCORES, no throw by CF
|
|
Batting: RHB Jason Thrash
|
0-0: Swinging Strike 0-1: Ball Jeremy Dennis steals 3rd base Erik Coleman to second 1-1: Intentional Walk
|
|
Batting: RHB Wei-guo Tsu
|
0-0: Called Strike 0-1: Foul Ball, location: 2F 0-2: Fly out, F8 (Flyball, 89XD, EV 90.0 MPH) Runner from 3rd tags up, SCORES, no throw by CF Erik Coleman to third
|
|
Batting: RHB Andy Kelly
|
0-0: Called Strike 0-1: Ground out 4-3 (Groundball, 4, EV 109.4 MPH)
|
| Top of the 7th over - 3 runs, 1 hit, 0 errors, 2 left on base; Greensboro 3 - Great Lakes 2 |
| BOTTOM OF THE 7TH |
|
Great Lakes Loons batting - Pitching for Greensboro Grasshoppers : RHP Marco Quezada
|
|
Batting: LHB Enrique Andrade
|
0-0: Fly out, F9 (Line Drive, 9, EV 95.0 MPH)
|
|
Batting: RHB Luis Grajeda
|
0-0: Ball 1-0: Ball 2-0: Called Strike 2-1: Ball 3-1: Base on Balls
|
|
Batting: SHB Todd Hewitt
|
0-0: Foul Ball, location: 2F 0-1: Ball 1-1: Ball 2-1: Foul Ball, location: 2F 2-2: Fielders Choice at 2nd, 5-4 (Groundball, 6, EV 81.9 MPH)
|
|
Pitching: LHP Melvin Castro
|
|
|
Batting: RHB David Rodgers
|
0-0: Foul Ball, location: 2F 0-1: Ball 1-1: Swinging Strike 1-2: Ball 2-2: Hit by Pitch Todd Hewitt to second
|
|
Batting: RHB Mario Gonzales
|
0-0: Ball 1-0: Ground out 6-3 (Groundball, 6S, EV 84.4 MPH)
|
| Bottom of the 7th over - 0 runs, 0 hits, 0 errors, 2 left on base; Greensboro 3 - Great Lakes 2 |
| TOP OF THE 8TH |
|
Greensboro Grasshoppers batting - Pitching for Great Lakes Loons : RHP Stephen Stanley
|
|
Pitching: LHP Dave Burridge
|
|
|
Batting: LHB Angelo Estrella
|
0-0: Foul Ball, location: 2F 0-1: Ball 1-1: SINGLE (Groundball, 6, EV 96.9 MPH)
|
|
Pitching: RHP Bob Thompson
|
|
|
Batting: RHB Miguel Velasco
|
0-0: Called Strike 0-1: Ball 1-1: SINGLE (Line Drive, 6M, EV 95.0 MPH) Angelo Estrella to second
|
|
Batting: RHB Hiromitsu Yamada
|
0-0: Called Strike 0-1: Foul Ball, location: 2F 0-2: Strikes out swinging
|
|
Batting: RHB Jeremy Dennis
|
0-0: Called Strike 0-1: Ball 1-1: Ball 2-1: Swinging Strike 2-2: Ball 3-2: Foul Ball, location: 2F 3-2: Fielders Choice at 2nd, 5-4 (Groundball, 5, EV 85.6 MPH) Angelo Estrella to third
|
|
Batting: RHB Erik Coleman
|
0-0: Called Strike 0-1: Ball 1-1: Ball 2-1: SINGLE (Groundball, 56S, EV 76.2 MPH) (infield hit) Angelo Estrella scores Jeremy Dennis to second
|
|
Batting: LHB Justin Blakely
|
0-0: Called Strike 0-1: Ball 1-1: Called Strike 1-2: Ball 2-2: Ball 3-2: Fly out, F7 (Flyball, 78M, EV 86.9 MPH)
|
| Top of the 8th over - 1 run, 3 hits, 0 errors, 2 left on base; Greensboro 4 - Great Lakes 2 |
| BOTTOM OF THE 8TH |
|
Great Lakes Loons batting - Pitching for Greensboro Grasshoppers : LHP Melvin Castro
|
|
Batting: SHB Rich Rubio
|
0-0: Ball 1-0: Fly out, F8 (Flyball, 8RD, EV 107.5 MPH)
|
|
Pinch Hitting: RHB Steven Romanovsky
|
0-0: SINGLE (Flyball, 78S, EV 95.0 MPH)
|
|
Batting: RHB Devon Fourcade
|
0-0: Called Strike 0-1: Fielders Choice at 2nd, 6-4 (Groundball, 6, EV 91.9 MPH)
|
|
Batting: RHB Trevor Conklin
|
0-0: TRIPLE (Flyball, 7LD, EV 96.9 MPH) Devon Fourcade scores
|
|
Pinch Hitting: RHB Ryan Alban
|
0-0: Called Strike 0-1: Called Strike 0-2: Strikes out swinging
|
| Bottom of the 8th over - 1 run, 2 hits, 0 errors, 1 left on base; Greensboro 4 - Great Lakes 3 |
| TOP OF THE 9TH |
|
Greensboro Grasshoppers batting - Pitching for Great Lakes Loons : RHP Bob Thompson
|
|
Pitching: RHP Dan Marino IV
|
|
|
Now in LF: Ryan Alban
|
|
|
Now in CF: Jay Fenderson
|
|
|
Batting: RHB Jason Thrash
|
0-0: Called Strike 0-1: Foul Ball, location: 2F 0-2: Ball 1-2: Strikes out swinging
|
|
Batting: RHB Wei-guo Tsu
|
0-0: Ball 1-0: Called Strike 1-1: Called Strike 1-2: Foul Ball, location: 2F 1-2: Foul Ball, location: 2F 1-2: Strikes out swinging
|
|
Batting: RHB Andy Kelly
|
0-0: Ball 1-0: Ball 2-0: Foul Ball, location: 2F 2-1: Ball 3-1: Swinging Strike 3-2: Strikes out swinging
|
| Top of the 9th over - 0 runs, 0 hits, 0 errors, 0 left on base; Greensboro 4 - Great Lakes 3 |
| BOTTOM OF THE 9TH |
|
Great Lakes Loons batting - Pitching for Greensboro Grasshoppers : LHP Melvin Castro
|
|
Pitching: RHP Dan Durand
|
|
|
Batting: RHB Luis Grajeda
|
0-0: Ball 1-0: Hit by Pitch
|
|
Batting: SHB Todd Hewitt
|
0-0: Swinging Strike 0-1: Fielders Choice at 2nd, 6-4 (Groundball, 6, EV 106.9 MPH)
|
|
Batting: RHB David Rodgers
|
0-0: Foul Ball, location: 2F 0-1: Foul Ball, location: 2F 0-2: Ball 1-2: Strikes out swinging
|
|
Batting: RHB Mario Gonzales
|
0-0: Called Strike 0-1: Ball 1-1: SINGLE (Groundball, 56, EV 94.4 MPH) Todd Hewitt to second Runner from 2nd tries for 3rd, SAFE, throw by LF made to third
|
|
Batting: SHB Rich Rubio
|
0-0: Ball 1-0: Foul Ball, location: 2F 1-1: Foul Ball, location: 2F 1-2: Fielders Choice at 2nd, U4 (Groundball, 4M, EV 86.2 MPH)
|
| Bottom of the 9th over - 0 runs, 1 hit, 0 errors, 2 left on base; Greensboro 4 - Great Lakes 3 |
|